Map: New Repugnancy LE

Players

Kel

  • Race: Zerg Zerg
  • Spawn Location: 7:00

Creed - Winner!

  • Race: Terran Terran
  • Spawn Location: 1:00

Event: 2019 WCS Spring

VOD

Have the link to the VOD?

Description

Time

  • Played on: May 17, 2019, 9:46 a.m.
  • Length: 5:00

All games in this series

Show
View Real Time Build Order
Export as new Build Order

Kel Zerg 

Build Orders: Hatch First 

Get SALT Encoding   

  12  0:01  Drone  
  13  0:13  Overlord  
  13  0:20  Drone  
  14  0:32  Drone x2  
  16  0:38  Drone  
  17  0:53  Hatchery  
  17  0:57  Drone  
  17  0:58  Drone  
  17  1:02  Extractor  
  17  1:15  Spawning Pool  
  17  1:18  Drone  
  17  1:30  Drone x2  
  19  1:41  Overlord  
  19  1:59  Drone  
  20  2:06  Queen  
  20  2:07  Queen  
  20  2:08  Zergling x4  
  26  2:10  Metabolic Boost  
  26  2:23  Drone x3  
  29  2:41  Hatchery  
  28  2:52  Drone x5  
  33  3:05  Overlord x2  
  33  3:11  Extractor  
  32  3:21  Zergling x2  
  32  3:22  Zergling x6  
  32  3:25  Zergling x4  
  32  3:26  Zergling x6  
  41  3:40  Zergling x6  
  44  3:48  Zergling x2  
  46  3:53  Baneling Nest  
  46  3:55  Zergling x8  
  43  4:13  Zergling x8  
  45  4:20  Zergling x4  
  44  4:26  Spore Crawler  
  44  4:27  Zergling x2  
  44  4:28  Zergling x6  
  46  4:33  Zergling x4  
  46  4:34  Zergling x2  
  46  4:38  Zergling x2  
Show
View Real Time Build Order
Export as new Build Order

Creed Terran - Winner!

Build Orders: Reaper Expand, Hellion Banshee 

Get SALT Encoding   

  12  0:00  SCV  
  13  0:12  SCV  
  14  0:17  Supply Depot  
  14  0:24  SCV  
  15  0:39  SCV  
  15  0:40  Barracks  
  16  0:45  Refinery  
  16  0:51  SCV  
  17  1:03  SCV  
  18  1:15  SCV  
  19  1:27  Orbital Command  
  19  1:28  Reaper  
  20  1:43  Command Center  
  20  1:53  Supply Depot  
  20  1:54  SCV  
  21  2:05  Factory  
  21  2:08  Marine  
  22  2:10  SCV  
  23  2:17  Refinery  
  23  2:23  SCV  
  23  2:27  Barracks Reactor  
  24  2:35  SCV  
  25  2:50  Starport  
  25  2:51  SCV  
  26  3:00  Orbital Command  
  26  3:03  SCV  
  27  3:11  Hellion x2, Barracks Tech Lab  
  31  3:15  SCV  
  32  3:21  Supply Depot  
  32  3:26  SCV  
  33  3:27  SCV  
  38  3:34  Hellion x2  
  38  3:37  Banshee, Cloaking Field  
  41  3:43  SCV x2  
  41  3:47  Supply Depot  
  43  3:55  SCV x2  
  45  3:59  Hellion x2  
  45  4:11  SCV  
  45  4:12  SCV  
  45  4:16  Armory  
  47  4:20  Hellion  
  47  4:24  SCV  
  48  4:32  SCV, Command Center  
  48  4:34  Hellion  
  48  4:36  SCV  
  57  4:46  SCV  
  57  4:48  SCV, Supply Depot  
Tags
 
Add a new tag
Caveats
  • Supply blocks, unpowered buildings, or Contaminate may cause inaccurate times.
  • Supply counts are checked every 10 seconds.